 Dungeon Crawl Stone Soup version 0.18.1-50-g88ac8fd (webtiles) character file.

912 Franakus the Conjurer (level 7, -8/38 HPs)
             Began as a Deep Elf Conjurer on Oct 27, 2016.
             Was an Initiate of Vehumet.
             Mangled by a hell rat (13 damage)
             ... on level 7 of the Dungeon.
             The game lasted 00:36:37 (2781 turns).

Franakus the Conjurer (Deep Elf Conjurer)           Turns: 2781, Time: 00:36:38

Health: -8/38      AC:  4    Str:  5    XL:     7   Next: 82%
Magic:  2/18       EV: 16    Int: 22    God:    Vehumet [......]
Gold:   118        SH:  0    Dex: 18    Spells: 3 memorised, 11 levels left

rFire  . . .     SeeInvis .     h - +3 arbalest
rCold  + . .     Gourm    .     f - +0 robe {rC+}
rNeg   . . .     Faith    .     (shield currently unavailable)
rPois  .         Spirit   .     d - +1 hat
rElec  .         Dismiss  .     (no cloak)
rCorr  .         Reflect  .     u - +0 pair of gloves (curse)
SustAt .         Harm     .     (no boots)
MR     .....                    (no amulet)
Stlth  ++........               (no ring)
                                p - +3 ring of dexterity

@: drained, not resistant to hostile enchantments, unstealthy
A: no striking features
a: Renounce Religion


You were on level 7 of the Dungeon.
You worshipped Vehumet.
Vehumet was noncommittal.
You were not hungry.

You visited 2 branches of the dungeon, and saw 9 of its levels.

You collected 248 gold pieces.
You spent 130 gold pieces at shops.

Inventory:

Hand Weapons
 h - a +3 arbalest (weapon)
 A - a +1 scimitar of freezing
 B - a +3 hand axe of flaming
Missiles
 y - 22 bolts (quivered)
Armour
 a - a +0 robe
 d - a +1 hat (worn)
 f - a +0 robe of cold resistance (worn)
 u - a cursed +0 pair of gloves (worn)
Jewellery
 p - a +3 ring of dexterity (left hand)
Wands
 D - a wand of lightning (6/15)
Scrolls
 j - 2 scrolls of identify
 q - a scroll of enchant weapon
 r - a scroll of random uselessness {unknown}
 t - 2 scrolls of blinking {unknown}
 w - a scroll of teleportation
 z - a scroll of remove curse
 C - a scroll of amnesia
Potions
 e - a potion of curing
 g - 2 potions of resistance {unknown}
 i - a potion of beneficial mutation {unknown}
 k - a potion of haste {unknown}
 l - a potion of invisibility {unknown}
 n - a potion of flight
 o - a potion of heal wounds
 s - a potion of ambrosia {unknown}
 x - 2 potions of degeneration {unknown}
Books
 b - a book of Conjurations

   Spells                             Type                      Level
   a - Magic Dart                     Conjuration                  1
   b - Searing Ray                    Conjuration                  2
   c - Dazzling Spray                 Conjuration/Hexes            3
   d - Fulminant Prism                Conjuration/Hexes            4
   e - Iskenderun's Mystic Blast      Conjuration                  4
   f - Iskenderun's Battlesphere      Conjuration/Charms           5
Comestibles
 c - 5 bread rations
 m - 3 meat rations
 v - a slice of pizza
 E - 2 chunks of flesh


   Skills:
 - Level 1.0(0.4) Fighting
 - Level 1.6(1.1) Crossbows
 - Level 6.0(5.4) Dodging
 + Level 3.5(2.9) Stealth
 + Level 6.4(5.7) Spellcasting
 + Level 7.2(6.6) Conjurations


You had 11 spell levels left.
You knew the following spells:

 Your Spells              Type           Power        Failure   Level  Hunger
a - Magic Dart            Conj           ####         1%          1    None
b - Searing Ray           Conj           #####.       1%          2    None
c - Iskenderun's Mystic   Conj           #####...     8%          4    ####...


Dungeon Overview and Level Annotations

Branches:
Dungeon (8/15)             Temple (1/1) D:7
   Lair: D:8-11

Altars:
Cheibriados
Dithmenos
Elyvilon
Kikubaaqudgha
Makhleb
Nemelex Xobeh
Okawaru
Pakellas
Ru
Trog
Vehumet
Yredelemnul

Shops:
D:5 *[%

Annotations:
D:5 Edmund; Franakus's ghost, amateur DECj


Message History

Aiming: Iskenderun's Mystic Blast
Press: ? - help, Shift-Dir - straight line, f/p - hell rat
Aim: a hell rat (severely wounded)
The orb of energy hits the hell rat.
The hell rat is almost dead.
The hell rat bites you!
* * * LOW HITPOINT WARNING * * *
You feel drained.
* * * LOW HITPOINT WARNING * * *
The river rat bites you.
* * * LOW HITPOINT WARNING * * *
Casting: Iskenderun's Mystic Blast
Confirm with . or Enter, or press ? or * to list all spells.
You don't have enough magic to cast that spell.
Unknown command.
Firing (i - inventory):
y - 23 bolts (quivered)
Press: ? - help, Shift-Dir - straight line, f/p - hell rat
Aim: a hell rat (almost dead)
You shoot a bolt. The bolt barely misses the hell rat.
The hell rat bites you!
You die...

....# #####...#.#
..########..###...#
..####.#..##......#
..#...#.#######r##.†#
.)..##### ##..#.#
#... .#..# ##.####..
.. #...# #.### ##.. .
)...# ##(.#### †r.
...(# ###.r@# .r
.(..# ###r# r ....#


#rrr ....# ###... #...# #r## ##..# ..# ##'# .# #.# . #.# You could see a hell
rat, 2 river rats and 2 rats.

Vanquished Creatures
  2 centaurs
  2 giant frogs
  4 wights (D:6)
  A crimson imp (D:5)
  4 hounds
  A jelly (D:5)
  Terence (D:2)
  An iguana (D:7)
  5 worker ants
  A hound skeleton (D:5)
  A worker ant zombie (D:6)
  A howler monkey zombie (D:6)
  An adder (D:2)
  A river rat (D:7)
  An adder skeleton (D:4)
  A giant gecko (D:2)
  8 orcs
  5 bats
  A giant cockroach (D:1)
  2 goblins (D:1)
  A hobgoblin (D:2)
  8 jackals
  A quokka (D:7)
  A giant gecko skeleton (D:5)
  A giant newt (D:1)
  5 kobolds
  9 rats
70 creatures vanquished.

Vanquished Creatures (others)
  A gargoyle (D:2)
  A bush (D:2)
2 creatures vanquished.

Grand Total: 72 creatures vanquished

Notes
Turn   | Place    | Note
--------------------------------------------------------------
     0 | D:1      | Franakus the Deep Elf Conjurer began the quest for the Orb.
     0 | D:1      | Reached XP level 1. HP: 10/10 MP: 6/6
   100 | D:1      | Reached XP level 2. HP: 15/15 MP: 0/8
   171 | D:2      | Found a bloodstained altar of Trog.
   193 | D:2      | Learned a level 2 spell: Searing Ray
   314 | D:2      | Noticed Terence
   322 | D:2      | Killed Terence
   322 | D:2      | Reached skill level 5 in Conjurations
   322 | D:2      | Reached XP level 3. HP: 2/19 MP: 2/10
   377 | D:2      | Found an oddly glowing altar of Pakellas.
   378 | D:2      | Noticed a gargoyle
   390 | D:2      | Killed a gargoyle
   726 | D:3      | Found a white marble altar of Elyvilon.
   873 | D:4      | Found a sacrificial altar of Ru.
  1007 | D:5      | Entered Level 5 of the Dungeon
  1043 | D:5      | Found an ancient bone altar of Kikubaaqudgha.
  1054 | D:5      | Found Zuunuf's Antique Armour Shoppe.
  1073 | D:5      | Found an iron altar of Okawaru.
  1091 | D:5      | Reached XP level 4. HP: 19/24 MP: 6/11
  1361 | D:4      | Noticed an orc warrior
  1371 | D:5      | Learned a level 4 spell: Iskenderun's Mystic Blast
  1399 | D:5      | Found Wiet's Food Shoppe.
  1400 | D:5      | Noticed a centaur
  1411 | D:5      | Reached XP level 5. HP: 16/28 MP: 8/13
  1412 | D:5      | Killed a centaur
  1412 | D:5      | Reached skill level 6 in Conjurations
  1429 | D:5      | Noticed Edmund
  1431 | D:5      | Noticed Franakus's ghost (amateur DECj)
  1477 | D:5      | Found Luwako Oteud's Assorted Antiques.
  1480 | D:5      | Bought a shiny marble ring for 130 gold pieces
  1577 | D:6      | Reached XP level 6. HP: 26/33 MP: 5/15
  1674 | D:6      | Reached skill level 5 in Spellcasting
  1749 | D:6      | Reached skill level 5 in Dodging
  1755 | D:6      | Reached XP level 7. HP: 9/37 MP: 4/17
  1809 | D:5      | Reached skill level 1 in Crossbows
  2433 | D:7      | Found an iron altar of Okawaru.
  2553 | D:7      | Found a staircase to the Ecumenical Temple.
  2559 | Temple   | Entered the Ecumenical Temple
  2567 | Temple   | Became a worshipper of Vehumet
  2597 | D:7      | Reached skill level 7 in Conjurations
  2708 | D:7      | Reached skill level 1 in Fighting
  2781 | D:7      | Mangled by a hell rat

Skill      XL: |  1  2  3  4  5  6  7 |
---------------+----------------------+-----
Conjurations   | 5 6 7 |  7.2
Dodging        | 3 4 5 6 |  6.0
Spellcasting   | 4 5 6 |  6.4
Stealth        | 3 |  3.5
Crossbows      | 1 |  1.6
Fighting       | 1 |  1.0

Action                   |  1- 3 |  4- 6 |  7- 9 || total
-------------------------+-------+-------+-------++-------
Melee: Dagger            |    40 |       |       ||    40
 Fire: Arbalest          |       |     7 |    20 ||    27
 Cast: Magic Dart        |    42 |       |    25 ||    67
       Searing Ray       |     4 |    14 |    10 ||    28
       Iskenderun's Myst |       |     1 |     4 ||     5
  Use: Scroll            |     5 |     2 |     1 ||     8
       Potion            |       |       |     2 ||     2
  Eat: Chunk             |       |     3 |     3 ||     6
Armor: Robe              |    18 |     8 |     1 ||    27
Dodge: Dodged            |    50 |    19 |    32 ||   101
